 Dungeon Crawl Stone Soup version 0.28.0-53-g5a82cb258f (webtiles) character file.

Game seed: 5066782553504338576

7629 mortz the Thaumaturge (level 10, -1/50 HPs)
             Began as a Deep Elf Conjurer on July 1, 2022.
             Was an Elder of the Shining One.
             Slain by a freezing wraith (18 damage)
             ... led by a death knight
             ... on level 8 of the Dungeon.
             The game lasted 01:10:37 (12833 turns).

mortz the Thaumaturge (Deep Elf Conjurer)          Turns: 12833, Time: 01:10:38

Health: -1/50      AC: 10    Str:  6    XL:     10   Next: 98%
Magic:  21/28      EV: 14    Int: 26    God:    the Shining One [****..]
Gold:   636        SH:  0    Dex: 17    Spells: 20/34 levels left

rFire   . . .      SeeInvis .   B - +2 trident of Valiance {elec, Dex+4, polearm}
rCold   . . .      Faith    .   (no shield)
rNeg    + + .      Spirit   .   D - +0 steam dragon scales
rPois   +          Reflect  .   (no helmet)
rElec   .          Harm     .   (no cloak)
rCorr   .          Rampage  .   I - +0 pair of gloves
Will    +....                   w - +2 pair of boots
Stlth   +.........              d - amulet of regeneration {@e2}
HPRegen 0.96/turn               a - ring of poison resistance
MPRegen 0.21/turn               (no ring)

@: slowed, glowing, very slow
A: no striking features
a: Renounce Religion, Divine Shield, Cleansing Flame


You were on level 8 of the Dungeon.
You worshipped the Shining One.
The Shining One was greatly pleased with you.
You visited 1 branch of the dungeon, and saw 9 of its levels.
You also visited: Sewer.

You collected 636 gold pieces.


   Skills:
 + Level 3.3 Armour
 + Level 4.0 Dodging
 - Level 3.6 Stealth
 + Level 12.5 Spellcasting
 + Level 10.9 Conjurations
 * Level 4.5 Hexes
 + Level 5.6 Translocations
 * Level 4.2 Fire Magic
 * Level 5.4 Invocations


You had 20 spell levels left.
You knew the following spells:

 Your Spells              Type           Power      Damage    Failure   Level
a - Magic Dart            Conj           100%       1d8       1%          1
b - Searing Ray           Conj           100%       2d8       1%          2
c - Iskenderun's Mystic   Conj/Tloc      56%        2d12      1%          4
d - Flame Wave            Conj/Fire      54%        2d11      1%          4
e - Inner Flame           Hex/Fire       39%        N/A       1%          3

Your spell library contained the following spells:

 Spells                   Type           Power      Damage    Failure   Level
 Scorch                   Fire           76%        2d9       1%          2
 Dazzling Flash           Conj/Hex       100%       N/A       1%          3
 Fulminant Prism          Conj/Hex       27%        3d14      1%          4
 Call Imp                 Summ           16%        N/A       5%          2
 Leda's Liquefaction      Hex/Erth       14%        N/A       14%         4
 Freezing Cloud           Conj/Ice/Air   17%        6-21      22%         5
 Animate Armour           Summ/Erth      32%        N/A       34%         4
 Iron Shot                Conj/Erth      22%        9d5       50%         6
 Blade Hands              Tmut           8%         N/A       69%         5
 Lee's Rapid Deconstruct  Erth           8%         3d8*      69%         5
 Simulacrum               Ice/Necr       8%         N/A       99%         6
 Statue Form              Tmut/Erth      10%        N/A       99%         6
 Summon Cactus Giant      Summ           8%         N/A       99%         6
 Polar Vortex             Ice            8%         N/A       100%        9

Inventory:

Hand Weapons
 A - a +3 mace {mace}
   (You took it off an orc on level 4 of the Dungeon)
 B - the +2 trident of Valiance (weapon) {elec, Dex+4, polearm}
   (You found it on level 5 of the Dungeon)

   It occasionally discharges a powerful burst of electricity upon striking a
   foe.
   Dex:       It affects your dexterity (+4).
 E - a +3 dagger of electrocution {short}
   (You took it off an orc wizard on level 7 of the Dungeon)
 F - a +4 dagger {short}
   (You took it off a wight on level 7 of the Dungeon)
 G - a +4 hand axe {axe}
   (You took it off a wight on level 7 of the Dungeon)
 H - a +5 falchion {long}
   (You took it off a wight on level 8 of the Dungeon)
Armour
 w - a +2 pair of boots (worn)
   (You found it on level 4 of the Dungeon)
 D - +0 steam dragon scales (worn)
   (You found it on level 6 of the Dungeon)
 I - a +0 pair of gloves (worn)
   (You found it on level 8 of the Dungeon)
Magical Staves
 j - a staff of air {!astaff}
   (You found it on level 2 of the Dungeon)
Jewellery
 a - a ring of poison resistance (left hand)
   (You took it off a hobgoblin on level 4 of the Dungeon)
 d - an amulet of regeneration (around neck) {@e2}
   (You found it on level 6 of the Dungeon)
 x - a ring of ice
   (You found it on level 4 of the Dungeon)
 y - an amulet of the acrobat
   (You found it on level 4 of the Dungeon)
Wands
 c - a wand of flame (26)
   (You found it on level 7 of the Dungeon)
 o - a wand of iceblast (15)
   (You found it on level 4 of the Dungeon)
 p - a wand of acid (20)
   (You found it on level 4 of the Dungeon)
Scrolls
 f - 7 scrolls of teleportation {@r4}
 g - a scroll of silence {unknown}
 k - a scroll of fog {unknown}
 l - a scroll of fear
 m - a scroll of holy word
 r - a scroll of brand weapon {unknown}
 z - a scroll of enchant weapon {unknown}
 C - a scroll of magic mapping {unknown}
 K - a scroll of blinking {unknown}
Potions
 b - 2 potions of brilliance
 e - 3 potions of mutation {!q}
 h - 3 potions of heal wounds {@q2}
 i - 4 potions of curing {@q1}
 n - a potion of attraction {unknown}
 q - 2 potions of haste {@q3}
 s - a potion of cancellation {unknown}
 t - 2 potions of lignification {unknown}
 u - a potion of resistance {unknown}
 v - 5 potions of magic
 J - a potion of might {unknown}

Dungeon Overview and Level Annotations

Branches:
Dungeon (9/15)             Temple (0/1) D:7           Sewer (visited)
   Lair: D:8-11         Orc: D:9-12

Altars:
The Shining One

Shops:
D:5

( #.# #.# #.# #.# #.#
#.# ## #.# #.# .# #.#
#)# .# #.# #.# .# #.#
#.# ##############.###
#.# ................@#
#.# ##############.W.#
#.# ..........# #...#
#.# #########.####...#
#.#
#.......#.#......#####.#
#.#####.#.#.###........#
#.# #.#.#.# #.#####..#
#.# #.#.#.# #........#
#.# #.#.#.# #######.##


You could see a freezing wraith.


Message History

The fiery explosion engulfs the freezing wraith!!!
The freezing wraith is burned terribly!
The fiery explosion engulfs the death knight!!! 😎 MP[-3]
You lost 3 mp, and now have 4/28 mp.
Casting: Iskenderun's Mystic Blast (dangerous; 1% risk of failure)
Confirm with . or Enter, or press ? or * to list all spells.
Aiming: Searing Ray (safe; 1% risk of failure)
Press: ? - help, Shift-Dir - straight line, f - death knight
Aim: a death knight, wielding a +4 great mace and wearing a +0 chain mail (flame, heavily wounded, haloed, 87% to hit)
Okay, then.
Casting: Searing Ray (safe; 1% risk of failure)
Confirm with . or Enter, or press ? or * to list all spells.
Aiming: Inner Flame (safe; 1% risk of failure)
Press: ? - help, Dir - move target, f - death knight
Aim: a death knight, wielding a +4 great mace and wearing a +0 chain mail (flame, heavily wounded, haloed, chance to affect: 44%)
Okay, then.
The freezing wraith is engulfed in blazing flames.
You destroy the freezing wraith!
The Shining One accepts your kill. 😎 MP[+1]
The death knight offers itself to Yredelemnul, and fills with unholy energy. 😎 MP[+1]
The death knight calls down the wrath of Yredelemnul upon you.
You struggle to resist.
The death knight's dark mirror aura disappears. 😎 MP[+1] 😎 MP[+1]
There is a stone staircase leading up here.
You climb upwards.
There is a stone staircase leading down here. 😎 MP[+1]
You start resting. 😎 MP[+19]
Your mp is fully restored (28).
There is a stone staircase leading down here.
Save game and exit? 🤖 Initializing magus.rc ... ✅ Successfully initialized magus.rc [v1.9.6] Welcome back, mortz the Deep Elf Conjurer.
The Shining One says: Lead the forces of light to victory!
Press ? for a list of commands and other information.
Done exploring.
You climb downwards.
There is a stone staircase leading up here.
Aiming: Magic Dart (safe; 1% risk of failure)
Press: ? - help, Q - select action, (/) - cycle Shift-Dir - straight line, f - freezing wraith
Aim: a freezing wraith (wandering, hasn't noticed you, 100% to hit)
The magic dart hits the freezing wraith but does no damage. 😎 MP[-1]
You lost 1 mp, and now have 27/28 mp.
Aiming: Magic Dart (safe; 1% risk of failure)
Press: ? - help, Q - select action, (/) - cycle Shift-Dir - straight line, f/p - freezing wraith
Aim: a freezing wraith (100% to hit)
The magic dart hits the freezing wraith but does no damage. 😎 MP[-1]
You lost 1 mp, and now have 26/28 mp. 😎 MP[+1]
The death knight shouts! 😎 MP[+1]
Your mp is fully restored (28).
There is a stone staircase leading up here.
Aiming: Magic Dart (safe; 1% risk of failure)
Press: ? - help, Q - select action, (/) - cycle Shift-Dir - straight line, f/p - freezing wraith
Aim: a freezing wraith (haloed, 100% to hit)
Okay, then.
Casting: Magic Dart (safe; 1% risk of failure)
Confirm with . or Enter, or press ? or * to list all spells.
Aiming: Searing Ray (safe; 1% risk of failure)
Press: ? - help, Shift-Dir - straight line, f/p - freezing wraith
Aim: a freezing wraith (haloed, 87% to hit)
The searing ray hits the freezing wraith. (Press . to maintain the ray.) 😎 MP[-2]
You lost 2 mp, and now have 26/28 mp.
The searing ray hits the freezing wraith. 😎 MP[-1]
You lost 1 mp, and now have 25/28 mp.
The searing ray hits the freezing wraith but does no damage. 😎 MP[-1]
You lost 1 mp, and now have 24/28 mp.
The freezing wraith hits you! The freezing wraith freezes you!
* * * LOW HITPOINT WARNING * * *
The freezing wraith hits you.
* * * LOW HITPOINT WARNING * * *
The freezing wraith drains your vigour!
You feel yourself slow down.
You climb upwards.
There is a stone staircase leading down here. 😨 HP[-33] MP[+1]
You take 33 damage, and now have 17/50 hp.
MASSIVE DAMAGE!! (PAUSE)
Casting: Searing Ray (safe; 1% risk of failure)
Confirm with . or Enter, or press ? or * to list all spells.
You erupt in a blast of force!
The mystic blast hits the freezing wraith but does no damage.
The freezing wraith hits you.
* * * LOW HITPOINT WARNING * * *
The freezing wraith freezes you!!
You die...

Skill      XL: |  1  2  3  4  5  6  7  8  9 10 |
---------------+-------------------------------+-----
Conjurations   | 5 6 7 8 9 10 | 10.9
Stealth        | 3 |  3.6
Spellcasting   | 4 5 6 8 10 12 | 12.5
Armour         | 1 2 3 |  3.3
Translocations | 1 3 4 5 |  5.6
Invocations    | 2 4 5 |  5.4
Dodging        | 3 4 |  4.0
Hexes          | 1 4 |  4.5
Fire Magic     | 4 |  4.2

Action                   |  1- 3 |  4- 6 |  7- 9 | 10-12 || total
-------------------------+-------+-------+-------+-------++-------
Melee: Dagger            |     4 |       |       |       ||     4
 Cast: Magic Dart        |    39 |    44 |   133 |    52 ||   268
       Searing Ray       |    20 |    29 |   106 |    44 ||   199
       Iskenderun's Myst |       |       |     6 |    20 ||    26
       Inner Flame       |       |       |       |    17 ||    17
  Use: Scroll            |       |     2 |     6 |     2 ||    10
Armor: Leather armour    |     1 |       |    20 |       ||    21
       Steam dragon scal |       |       |     6 |    11 ||    17
Dodge: Dodged            |     5 |     3 |    49 |    38 ||    95

Levels and vault maps discovered:
D:1:      minmay_arrival_nine_rooms, layout_loops_ring
D:2:      layout_loops_ring, uniq_natasha
D:3:      layout_basic, nicolae_tso_swordbearing_angel
D:4:      lemuel_castle_with_subvaults [lemuel_castle_interior_carwin_2],
          layout_basic, gup_sewer_entry_bowl, uniq_sigmund, uniq_menkaure
D:5:      layout_loops_ring, serial_shops, nicolae_shop_waterfront
D:6:      kennysheep_windowed_halls, layout_loops_ring,
          chequers_serial_rivers_room_a
D:7:      layout_basic, minmay_temple_entry_proselytizer,
          hangedman_minor_gate_pass
D:8:      layout_basic
D:9:      minmay_spotlight, layout_stronghold, david_orc_1_choice,
          kennysheep_generic_room_12

Notes
Turn   | Place    | Note
-------+----------+-------------------------------------------
     0 | D:1      | mortz the Deep Elf Conjurer began the quest for the Orb.
     0 | D:1      | Reached XP level 1. HP: 10/10 MP: 6/6
     0 | D:1      | magus.rc [v1.9.6]
   277 | D:1      | Reached XP level 2. HP: 15/15 MP: 1/8
   319 | D:1      | Learned a level 2 spell: Searing Ray
   506 | D:1      | Reached skill level 5 in Conjurations
   846 | D:1      | Reached XP level 3. HP: 13/19 MP: 0/9
  1601 | D:2      | Noticed Natasha
  1607 | D:2      | Killed Natasha
  1608 | D:2      | Reached XP level 4. HP: 24/24 MP: 2/11
  1857 | D:2      | Reached skill level 6 in Conjurations
  1982 | D:2      | Noticed Natasha
  1985 | D:2      | Killed Natasha
  1986 | D:2      | Reached skill level 3 in Stealth
  2074 | D:2      | Reached skill level 4 in Spellcasting
  2074 | D:2      | Reached XP level 5. HP: 28/28 MP: 7/13
  2195 | D:2      | Noticed Natasha
  2198 | D:2      | Killed Natasha
  2374 | D:2      | Reached skill level 1 in Armour
  3244 | D:3      | Found a glowing golden altar of the Shining One.
  3351 | D:3      | Became a worshipper of the Shining One
  3450 | D:3      | Noticed an ogre
  3455 | D:3      | Killed an ogre
  3456 | D:3      | Reached XP level 6. HP: 32/32 MP: 6/14
  3657 | D:3      | You pick up a book of Blasting and begin reading...
  3663 | D:3      | Learned a level 4 spell: Iskenderun's Mystic Blast
  4032 | D:4      | Noticed Menkaure
  4037 | D:4      | Killed Menkaure
  4038 | D:4      | Reached skill level 2 in Armour
  4038 | D:4      | Reached skill level 5 in Spellcasting
  4038 | D:4      | Reached skill level 1 in Translocations
  4077 | D:4      | Noticed Sigmund
  4086 | D:4      | Killed Sigmund
  4087 | D:4      | Reached skill level 7 in Conjurations
  4087 | D:4      | Reached XP level 7. HP: 28/36 MP: 5/17
  4148 | D:4      | Reached skill level 2 in Translocations
  4178 | D:4      | Reached skill level 6 in Spellcasting
  4302 | D:4      | Found a glowing drain.
  4306 | Sewer    | Entered a sewer
  5050 | D:4      | Reached skill level 3 in Translocations
  5328 | D:4      | Reached skill level 8 in Conjurations
  5328 | D:4      | Reached XP level 8. HP: 41/41 MP: 12/20
  5503 | D:4      | Reached * piety under the Shining One
  5541 | D:4      | Reached skill level 7 in Spellcasting
  6227 | D:4      | Reached skill level 1 in Invocations
  6571 | D:4      | You pick up a book of Scorching and begin reading...
  6571 | D:4      | You add the spells Scorch, Flame Wave and Summon Cactus
                  | Giant to your library.
  6708 | D:4      | You pick up a book of Iron and begin reading...
  6708 | D:4      | You add the spells Animate Armour, Blade Hands and Iron
                  | Shot to your library.
  6854 | D:5      | Entered Level 5 of the Dungeon
  7108 | D:5      | Found Aziskire's Weapon Shoppe.
  7306 | D:5      | Reached skill level 8 in Spellcasting
  7421 | D:5      | Reached skill level 2 in Invocations
  7549 | D:5      | You pick up a book of Conjurations {@e2} and begin
                  | reading...
  7701 | D:5      | Identified the +2 trident of Valiance {elec, Dex+4}
  7913 | D:6      | Reached skill level 9 in Conjurations
  7913 | D:6      | Reached skill level 4 in Translocations
  8108 | D:6      | Reached skill level 3 in Dodging
  8301 | D:6      | Reached XP level 9. HP: 45/45 MP: 16/23
  8351 | D:6      | Reached skill level 9 in Spellcasting
  8460 | D:6      | Reached ** piety under the Shining One
  9008 | D:6      | Reached skill level 3 in Invocations
  9036 | D:6      | Reached skill level 3 in Armour
  9201 | D:6      | Reached skill level 10 in Spellcasting
  9202 | D:6      | Reached skill level 5 in Translocations
  9357 | D:6      | Reached skill level 10 in Conjurations
  9358 | D:6      | Reached skill level 4 in Invocations
  9511 | D:6      | You add the spells Call Imp and Inner Flame to your
                  | library.
  9511 | D:6      | Got the Volume of Creative Heat
  9517 | D:6      | Learned a level 4 spell: Flame Wave
  9521 | D:6      | Learned a level 3 spell: Inner Flame
  9709 | D:7      | Reached skill level 1 in Hexes
 10002 | D:7      | Reached XP level 10. HP: 50/50 MP: 21/26
 10136 | D:7      | Reached skill level 2 in Hexes
 10136 | D:7      | Reached skill level 1 in Fire Magic
 10171 | D:7      | You pick up a book of Ice and begin reading...
 10171 | D:7      | You add the spells Freezing Cloud, Simulacrum and Polar
                  | Vortex to your library.
 10270 | D:7      | Reached skill level 11 in Spellcasting
 10364 | D:7      | Found a staircase to the Ecumenical Temple.
 10364 | D:7      | Reached *** piety under the Shining One
 11087 | D:7      | magus.rc [v1.9.6]
 11154 | D:8      | Reached skill level 3 in Hexes
 11240 | D:8      | Reached skill level 4 in Dodging
 11324 | D:8      | Reached skill level 2 in Fire Magic
 11573 | D:8      | Noticed a two-headed ogre
 11579 | D:8      | Killed a two-headed ogre
 11580 | D:8      | Reached skill level 3 in Fire Magic
 11757 | D:8      | Reached skill level 4 in Hexes
 11859 | D:8      | Reached skill level 12 in Spellcasting
 12044 | D:8      | Reached **** piety under the Shining One
 12053 | D:8      | Reached skill level 5 in Invocations
 12112 | D:8      | You pick up a book of the Earth and begin reading...
 12112 | D:8      | You add the spells Leda's Liquefaction and Statue Form to
                  | your library.
 12428 | D:9      | Reached skill level 4 in Fire Magic
 12644 | D:9      | Noticed a death knight
 12804 | D:8      | magus.rc [v1.9.6]
 12833 | D:8      | Slain by a freezing wraith

Vanquished Creatures
  A two-headed ogre (D:8)
  A freezing wraith (D:9)
  A hornet (D:9)
  A shadow (D:6)
  Sigmund (D:4)
  A wyvern (D:7)
  2 wraiths (D:9)
  2 steam dragons (D:6)
  Menkaure (D:4)
  5 water moccasins
  2 orc warriors
  4 ice beasts
  3 sky beasts
  2 black bears
  3 necrophages
  4 ogres
  6 centaurs
  3 kobold brigands
  3 bullfrogs
  2 scorpions (D:6)
  9 wights
  11 killer bees (D:8)
  3 howler monkeys
  3 bullfrog zombies
  2 centaur zombies
  6 hounds
  3 orc priests
  3 jellies
  A bullfrog skeleton (D:6)
  A centaur skeleton (D:4)
  2 scorpion zombies (D:5)
  Natasha (thrice) (D:2)
  2 iguanas (D:6)
  5 orc wizards
  A killer bee zombie (D:6)
  A hound skeleton (D:5)
  2 howler monkey zombies
  A howler monkey skeleton (D:6)
  8 adders
  12 gnolls
  3 shadow imps
  6 white imps
  An ufetubus (D:6)
  An adder zombie (D:5)
  3 worms
  5 dart slugs
  44 orcs
  10 ball pythons
  8 endoplasms
  6 giant cockroaches
  7 hobgoblins
  23 jackals
  21 kobolds
  5 quokkas
  10 bats
  7 frilled lizards
  5 goblins
  12 rats
304 creatures vanquished.

Vanquished Creatures (others)
  A fungus (Sewer)
  5 plants
6 creatures vanquished.

Grand Total: 310 creatures vanquished

Table legend:
 A = Non-vault XP
 B = Vault XP
 C = Vault XP percentage of total XP
 D = Non-vault monster count
 E = Vault monster count
 F = Vault count percentage of total count
                 A         B        C        D         E       F
            +---------+---------+-------+---------+---------+-------
      Total |    7239 |    3660 |  33.6 |     184 |     120 |  39.5
            +---------+---------+-------+---------+---------+-------
        D:1 |      75 |       0 |   0.0 |      34 |       0 |   0.0
        D:2 |     165 |      36 |  17.9 |      23 |       1 |   4.2
        D:3 |     181 |       0 |   0.0 |      25 |       0 |   0.0
        D:4 |     382 |     958 |  71.5 |       9 |      56 |  86.2
        D:5 |     489 |       0 |   0.0 |      18 |       0 |   0.0
        D:6 |    1012 |    1563 |  60.7 |      16 |      20 |  55.6
        D:7 |    1493 |     493 |  24.8 |      23 |       8 |  25.8
        D:8 |    2341 |       0 |   0.0 |      30 |       0 |   0.0
        D:9 |    1101 |     457 |  29.3 |       6 |       4 |  40.0
      Sewer |       0 |     153 | 100.0 |       0 |      31 | 100.0
            +---------+---------+-------+---------+---------+-------

Illustrated notes

Table legend:
 A = Kills in this place as a percentage of kills in entire the game.
 B = Kills by you in this place as a percentage of kills by you in the entire game.
 C = Kills by friends in this place as a percentage of kills by friends in the entire game.
 D = Other kills in this place as a percentage of other kills in the entire game.
 E = Experience gained in this place as a percentage of experience gained in the entire game.
 F = Experience gained in this place divided by the number of levels of this place that you have seen.
                   A       B       C       D       E      F
               +-------+-------+-------+-------+-------+----------------------
         Total | 100.0 | 100.0 |   N/A |   N/A | 100.0 | 1089.9
       Dungeon |  89.8 |  89.8 |   N/A |   N/A |  98.6 | 1194.0
         Sewer |  10.2 |  10.2 |   N/A |   N/A |   1.4 | 153.0
               +-------+-------+-------+-------+-------+----------------------

Table legend: (Time is in decaauts)
 A = Elapsed time spent in this place.
 B = Non-inter-level travel time spent in this place.
 C = Inter-level travel time spent in this place.
 D = Time resting spent in this place.
 E = Time spent auto-exploring this place.
 F = Levels seen in this place.
 G = Mean time per level.
                   A        B        C        D        E       F      G
               +--------+--------+--------+--------+--------+-----+--------+
         Total |  12903 |  12510 |    393 |   1420 |   9117 |  10 | 1290.3 |
       Dungeon |  12331 |  11938 |    393 |   1420 |   8670 |   9 | 1370.1 |
         Sewer |    571 |    571 |      0 |      0 |    446 |   1 |  571.0 |
               +--------+--------+--------+--------+--------+-----+--------+

Top non-repeatable levels by time:
     D:4: 2320 daAuts
     D:6: 1752 daAuts
     D:1: 1525 daAuts
     D:7: 1487 daAuts
     D:2: 1298 daAuts
     D:3: 1203 daAuts
     D:8: 1145 daAuts
     D:5: 1055 daAuts
   Sewer: 571 daAuts
     D:9: 542 daAuts
